 Dungeon Crawl Stone Soup version 0.31-a0-981-geadf994 (webtiles) character file.

Game seed: 3078329969464318694

39080525 catclaw the Ninja (level 27, 147/147 HPs)
             Began as a Felid Shapeshifter on Nov 1, 2023.
             Was the Champion of Cheibriados.
             Escaped with the Orb
             ... and 15 runes!
             The game lasted 04:32:17 (37383 turns).

catclaw the Ninja (Felid Shapeshifter)             Turns: 37383, Time: 04:32:18

Health: 147/147    AC: 12    Str: 33      XL:     27
Magic:  30/36      EV: 96    Int: 22 (24) God:    Cheibriados [******]
Gold:   3645       SH:  0    Dex: 46      Spells: 13/50 levels left
                                        Lives:  2   Deaths: 5

rFire   + .          .
                       - Unarmed
rCold   + . .        (shield unavailable)
rNeg    + + .        (body armour unavailable)
rPois   ∞            (helmet unavailable)
rElec   +            (cloak unavailable)
rCorr   +            (gloves unavailable)
SInv    +            (boots unavailable)
Will    ++++.        z - amulet "Kaklem" {rPois Regen+ rCorr Str+3 Int-5}
Stlth   ++++         J - ring of Pinop {Contam rF+ rN+ Int+3 SInv}
HPRegen 1.24/turn    v - ring of Inlagauc {+Blink rC+ rN+ Str+6}
MPRegen 0.25/turn

%: no passive effects
@: storm-form, flying, studying Conjurations, very slow
A: cleaving, insubstantial, flying, very small, (claws 1), (fangs 3), see
invisible, (speed 1), (shaggy fur 3), (stealthy paws), no weapons or thrown
items, no armour, multi-lived, agile 1, dopey 1, low MP 1, mutation resistance
1, passive freeze
0: Orb of Zot
}: 15/15 runes: serpentine, barnacled, slimy, silver, golden, iron, obsidian,
icy, bone, abyssal, demonic, glowing, magical, fiery, dark
a: Blinkbolt, Begin Untransformation, Renounce Religion, Evoke Blink, Bend Time,
Temporal Distortion, Slouch, Step From Time


You escaped.
You worshipped Cheibriados.
Cheibriados was exalted by your worship.
You were a lightning-filled tempest!
You visited 18 branches of the dungeon, and saw 88 of its levels.
You visited Pandemonium 2 times, and saw 16 of its levels.
You visited the Abyss 1 time.
You also visited: Bailey, Wizlab and Desolation.

You collected 7034 gold pieces.
You spent 3389 gold pieces at shops.

Inventory:

Jewellery
 c - a ring of the Octopus King {Wiz HP+2 AC+2 EV+2 SH+2}
   (You found it on level 3 of the Tomb of the Ancients)

   [ring of wizardry]

   Wiz:       It improves your spell success rate.
   AC+2:      It affects your AC (+2).
   EV+2:      It affects your evasion (+2).
   HP+2:      It affects your health (+2).
   SH+2:      It affects your SH (+2).
 h - the ring "Gudghud" {MP+9 Int+6 Stlth+}
   (You took it off a deep elf pyromancer on level 3 of the Elven Halls)

   [ring of intelligence]

   Int+6:     It affects your intelligence (+6).
   MP+9:      It affects your magic capacity (+9).
   Stlth+:    It makes you more stealthy.
 i - the ring "Siny" {Str+6 Int+6}
   (You found it in a wizard's laboratory)

   [ring of strength]

   Str+6:     It affects your strength (+6).
   Int+6:     It affects your intelligence (+6).
 r - a ring of protection from fire
 t - a +6 ring of dexterity
 v - the ring of Inlagauc (right paw) {+Blink rC+ rN+ Str+6}
   (You found it in the Desolation of Salt)

   [ring of strength]

   Str+6:     It affects your strength (+6).
   rC+:       It protects you from cold.
   rN+:       It protects you from negative energy.
   +Blink:    It lets you blink.
 y - a ring of protection from cold
 z - the amulet "Kaklem" (around neck) {rPois Regen+ rCorr Str+3 Int-5}
   (You acquired it on level 9 of the Dungeon)

   [amulet of regeneration]

   Str+3:     It affects your strength (+3).
   Int-5:     It affects your intelligence (-5).
   rPois:     It protects you from poison Regen+: It increases your rate of
   health regeneration.
   rCorr:     It protects you from acid and corrosion.
 J - the ring of Pinop (left paw) {Contam rF+ rN+ Int+3 SInv}
   (You took it off a vault guard on level 5 of the Vaults)

   [ring of protection from fire]

   Int+3:     It affects your intelligence (+3).
   rF+:       It protects you from fire.
   rN+:       It protects you from negative energy.
   SInv:      It lets you see invisible.
   Contam:    It causes magical contamination when unequipped.
 N - the ring "Higgisch" {Will+ MP+9}
   (You found it on level 5 of the Vaults)

   [ring of willpower]

   Will+:     It increases your willpower.
   MP+9:      It affects your magic capacity (+9).
 T - the ring "Qejukipu" {Wiz rN+ Str+5}
   (You found it in the Desolation of Salt)

   [ring of wizardry]

   Wiz:       It improves your spell success rate.
   Str+5:     It affects your strength (+5).
   rN+:       It protects you from negative energy.
 U - the ring of the Sun {rElec rC+ Int+5}
   (You found it in the Desolation of Salt)

   [ring of protection from cold]

   Int+5:     It affects your intelligence (+5).
   rC+:       It protects you from cold.
   rElec:     It insulates you from electricity.
Talismans
 P - a storm talisman (active)
 Q - a granite talisman
Wands
 f - a wand of polymorph (11)
 k - a wand of flame (108)
 B - a wand of digging (22)
 I - a wand of paralysis (60)
 K - a wand of acid (27)
 L - a wand of iceblast (48)
 S - a wand of mindburst (40)
Scrolls
 a - a scroll of revelation
 b - 5 scrolls of silence
 g - 7 scrolls of teleportation {!r}
 j - 6 scrolls of vulnerability
 l - 5 scrolls of fear
 m - 3 scrolls of poison
 u - 3 scrolls of noise
 w - 6 scrolls of amnesia
 E - 3 scrolls of summoning
 F - a scroll of fog
 G - 6 scrolls of immolation
Potions
 d - 3 potions of curing
 q - 5 potions of enlightenment
 x - 2 potions of attraction
 A - 4 potions of berserk rage
 C - a potion of invisibility
 D - 6 potions of heal wounds
 H - a potion of might
 M - a potion of brilliance
 O - 8 potions of lignification
 R - 6 potions of mutation {!q}
Miscellaneous
 p - a figurine of a ziggurat


   Skills:
 - Level 26.0 Fighting
 - Level 26.5 Dodging
 O Level 27 Stealth
 - Level 26.6 Unarmed Combat
 - Level 12.0 Spellcasting
 - Level 10.0 Hexes
 - Level 15.5 Translocations
 - Level 6.0 Transmutations
 - Level 5.0 Air Magic
 - Level 6.0 Earth Magic
 - Level 7.0 Poison Magic
 + Level 23.2 Invocations
 - Level 5.0 Evocations
 - Level 23.0 Shapeshifting


You had 13 spell levels left.
You knew the following spells:

 Your Spells              Type           Power      Damage    Failure   Level
a - Leda's Liquefaction   Hex/Erth       24%        N/A       1%          4
b - Mephitic Cloud        Conj/Pois/Air  30%        N/A       2%          3
c - Dispersal             Tloc           34%        N/A       1%          6
d - Vhi's Electric Charg  Tloc/Air       100%       N/A       1%          4
f - Blink                 Tloc           100%       N/A       0%          2
l - Manifold Assault      Tloc           69%        N/A       1%          4
m - Lesser Beckoning      Tloc           100%       N/A       0%          2
p - Passage of Golubria   Tloc           69%        N/A       1%          4
r - Passwall              Tmut/Erth      32%        N/A       1%          2
y - Yara's Violent Unrav  Hex/Tmut       24%        3d11      4%          5
z - Apportation           Tloc           100%       N/A       0%          1

Your spell library contained the following spells:

 Spells                   Type           Power      Damage    Failure   Level
 Sandblast                Erth           78%        2d17      1%          1
 Shock                    Conj/Air       96%        1d9       1%          1
 Slow                     Hex            100%       N/A       1%          1
 Sting                    Tmut/Pois      100%       1d8       1%          1
 Cigotuvi's Dreadful Rot  Necr/Pois/Air  60%        N/A       1%          2
 Ensorcelled Hibernation  Hex/Ice        70%        N/A       1%          2
 Momentum Strike          Conj/Tloc      94%        3d10      1%          2
 Poisonous Vapours        Pois/Air       78%        N/A       1%          2
 Confusing Touch          Hex            55%        N/A       1%          3
 Dazzling Flash           Conj/Hex       70%        N/A       1%          3
 Gell's Gravitas          Tloc           69%        N/A       1%          3
 Inner Flame              Hex/Fire       35%        N/A       1%          3
 Sigil of Binding         Hex            55%        N/A       1%          3
 Swiftness                Air            35%        N/A       1%          3
 Teleport Other           Tloc           69%        N/A       1%          3
 Tukima's Dance           Hex            55%        N/A       1%          3
 Volatile Blastmotes      Fire/Tloc      94%        2d17      1%          3
 Iskenderun's Mystic Bla  Conj/Tloc      47%        2d10      1%          4
 Ignite Poison            Fire/Tmut/Pois 32%        N/A       2%          3
 Olgreb's Toxic Radiance  Pois           44%        N/A       2%          4
 Freeze                   Ice            52%        1d6       4%          1
 Kiss of Death            Conj/Necr      52%        2d9       4%          1
 Magic Dart               Conj           52%        1d5       4%          1
 Necrotise                Necr           52%        1d6       4%          1
 Summon Small Mammal      Summ           52%        N/A       4%          1
 Stone Arrow              Conj/Erth      52%        3d10      4%          3
 Summon Forest            Summ/Tloc      23%        N/A       5%          5
 Airstrike                Air            17%        2d(3-19)  6%          4
 Fulminant Prism          Conj/Hex       17%        3d10      6%          4
 Silence                  Hex/Air        23%        N/A       6%          5
 Call Imp                 Summ           26%        N/A       8%          2
 Scorch                   Fire           26%        2d6       8%          2
 Searing Ray              Conj           26%        2d5       8%          2
 Alistair's Intoxication  Tmut/Pois      27%        N/A       10%         5
 Lee's Rapid Deconstruct  Erth           19%        3d11*     12%         5
 Frozen Ramparts          Ice            26%        1d4       14%         3
 Hailstorm                Conj/Ice       13%        3d5       14%         3
 Ozocubu's Armour         Ice            13%        N/A       14%         3
 Vampiric Draining        Necr           13%        2d6       14%         3
 Brom's Barrelling Bould  Conj/Erth      26%        2d5       14%         4
 Summon Lightning Spire   Summ/Air       24%        N/A       17%         4
 Metabolic Englaciation   Hex/Ice        17%        N/A       17%         5
 Summon Mana Viper        Hex/Summ       35%        N/A       17%         5
 Borgnjor's Vile Clutch   Necr/Erth      13%        N/A       36%         5
 Animate Dead             Necr           13%        N/A       43%         4
 Dispel Undead            Necr           13%        3d9       43%         4
 Flame Wave               Conj/Fire      13%        2d6       43%         4
 Sticky Flame             Conj/Fire      13%        2d4       43%         4
 Summon Ice Beast         Ice/Summ       13%        N/A       43%         4
 Arcjolt                  Conj/Air       12%        1d22      43%         5
 Eringya's Noxious Bog    Tmut/Pois      20%        4d6       45%         6
 Freezing Cloud           Conj/Ice/Air   10%        6-21      56%         5
 Agony                    Necr           13%        N/A       80%         5
 Iskenderun's Battlesphe  Conj           13%        2d7       80%         5
 Malign Gateway           Summ/Tloc      23%        N/A       86%         7
 Bombard                  Conj/Erth      13%        9d3       91%         6
 Discord                  Hex            27%        N/A       99%         8
 Death Channel            Necr           6%         N/A       100%        6
 Simulacrum               Ice/Necr       6%         N/A       100%        6
 Summon Cactus Giant      Summ           6%         N/A       100%        6
 Monstrous Menagerie      Summ           6%         N/A       100%        7
 Borgnjor's Revivificati  Necr           6%         N/A       100%        8
 Ignition                 Fire           6%         3d4       100%        8
 Infestation              Necr           6%         N/A       100%        8
 Lehudib's Crystal Spear  Conj/Erth      13%        10d4      100%        8
 Maxwell's Capacitive Co  Air            17%        ∞         100%        8
 Summon Horrible Things   Summ           6%         N/A       100%        8
 Dimensional Bullseye     Hex/Tloc       Unusable   N/A       N/A         4
 Animate Armour           Summ/Erth      Unusable   N/A       N/A         4

Dungeon Overview and Level Annotations

Branches:
Dungeon (15/15)            Temple (1/1) D:4            Lair (5/5) D:11
 Shoals (4/4) Lair:3        Snake (4/4) Lair:2        Slime (5/5) Lair:4
    Orc (2/2) D:9             Elf (3/3) Orc:2        Vaults (5/5) D:14
  Crypt (3/3) Vaults:2       Tomb (3/3) Crypt:3      Depths (4/4) D:15
   Hell (visited)             Dis (7/7) Hell            Geh (7/7) Hell
    Coc (7/7) Hell            Tar (7/7) Hell            Zot (5/5) Depths:4
 Bailey (visited)          WizLab (visited)         Desolation (visited)

Altars:
Ashenzari
Cheibriados
Dithmenos
Elyvilon
Fedhas
Gozag
Hepliaklqana
Kikubaaqudgha
Makhleb
Nemelex Xobeh
Okawaru
Qazlal
Ru
Sif Muna
Trog
Uskayaw
Vehumet
Wu Jian
Xom
Yredelemnul
Zin
The Shining One
Jiyva

Shops:
D:1 (   D:9 ***[*   D:11 ?   Orc:2 **=[   Elf:2 =:=   Elf:3 [   Snake:3 ([[
Snake:4 (   Vaults:2 [   Vaults:4 :

Portals:
Hell: Depths:2 Depths:4
Abyss: Depths:4
Pandemonium: Depths:4
Bazaar: Shoals:1
Trove: Vaults:4 (show abyssal rune of Zot)

Annotations:
D:12 exclusion: upstairs
Lair:5 3 runed translucent doors, Moddiph's ghost, journeyman MiBe
Snake:3 Bai Suzhen
Dis:7 Serpent of Hell


Innate Abilities, Weirdness & Mutations

You are a lightning-filled tempest!
Your electrical attacks strike out in all directions at once.
You are incredibly evasive.
Your insubstantial body is immune to petrification, constriction, and being set on fire You are flying.
You are immune to poison.
((You have sharp claws.))
((You have razor-sharp teeth.))
You have supernaturally acute eyesight. (SInv)
((You cover ground quickly. (Speed+)))
((Your thick and shaggy fur keeps you warm. (AC +3, rC+)))
((Your paws help you pounce on unaware monsters.))
You are incapable of wielding weapons or throwing items.
You cannot wear armour.
You gain extra lives every three experience levels.
You are agile. (Dex +4, Str/Int -1)
You are dopey. (Int -2)
Your magical capacity is low. (-10% MP)
You are somewhat resistant to further mutation.
A frigid envelope surrounds you and freezes all who hurt you.


Message History

There is a stone staircase leading up here.
You fly upwards.
There is a stone staircase leading down here.
Aiming: Dig
Press: ? - help, Shift-Dir - straight line A rock wall.
This square is covered in magical glow.
The rock shatters into small pieces.
Casting: Passage of Golubria (safe; 1% risk of failure)
Confirm with . or Enter, or press ? or * to list all spells.
Aiming: Passage of Golubria (safe; 1% risk of failure)
Press: ? - help, Dir - move target
Okay, then.
Casting: Passage of Golubria (safe; 1% risk of failure)
Confirm with . or Enter, or press ? or * to list all spells.
Aiming: Passage of Golubria (safe; 1% risk of failure)
Press: ? - help, Dir - move target You enter the passage of Golubria.
There is a passage of Golubria here.
Casting: Passage of Golubria (safe; 1% risk of failure)
Confirm with . or Enter, or press ? or * to list all spells.
Aiming: Passage of Golubria (safe; 1% risk of failure)
Press: ? - help, Dir - move target You enter the passage of Golubria.
Magic courses through your body.
Okay, then.
An Orb Guardian comes into view.
Casting: Passage of Golubria (safe; 1% risk of failure)
Confirm with . or Enter, or press ? or * to list all spells.
Aiming: Passage of Golubria (safe; 1% risk of failure)
Press: ? - help, Dir - move target You enter the passage of Golubria.
There is a passage of Golubria here.
You hear a snapping sound.
Blink to where?
Press: ? - help, Dir - move target
As you read the scroll of blinking {!r}, it crumbles to dust.
You hear a snapping sound.
There is a staircase leading out of the dungeon here.
You have escaped!

##....###.###.
#####..#### #.###.
#.....#### #..###
####......# ##.###
#...###...#####.#..
#.............##....#
##.............#...###
#...###...###.....(###
#...#v......#...##.##.
#...#.......#..^##....
##............§#.....X
#......#......#.###§.
#.............#.# ###
#...#.......#....# #
#...#......>#....# #
#...###...###....#
##.............###


There were no monsters in sight!

Vanquished Creatures
  Cerebov (Pan)
  Antaeus (Coc:7)
  Asmodeus (Geh:7)
  the Royal Jelly (Slime:5)
  Ignacio (Pan)
  Ereshkigal (Tar:7)
  Gloorx Vloq (Pan)
  A seraph (Pan)
  Lom Lobon (Pan)
  Mnoleg (Pan)
  Dispater (Dis:7)
  7 dread liches
  7 orbs of fire (Zot:5)
  8 ancient liches
  A juggernaut (Dis:7)
  11 royal mummies
  Boris (Crypt:2)
  11 shard shrikes
  A Killer Klown (Zot:5)
  Xtahua (Vaults:4)
  20 caustic shrikes
  A curse toe (Zot:5)
  5 profane servitors
  28 bone dragons
  Geryon (Hell)
  3 golden dragons
  9 Brimstone Fiends
  21 doom hounds
  2 electric golems (Zot:5)
  18 Tzitzimimeh
  2 iron giants
  8 hellephants
  A spectral shard shrike (Tar:2)
  22 Ice Fiends
  A moon troll (WizLab)
  Zenata (Elf:2)
  21 tainted leviathans
  13 Hell Sentinels
  11 tentacled monstrosities
  2 liches
  Grunn (Depths:4)
  12 titans
  20 Orb Guardians (Zot:5)
  4 quicksilver dragons
  5 deep elf blademasters
  28 searing wretches
  13 acid blobs
  2 deep elf master archers (Elf:3)
  9 sphinxes
  23 ancient champions
  9 tentacled starspawn
  27 Executioners (Pan)
  2 death cobs
  Kirke (D:12)
  3 pandemonium lords (Pan)
  The ghost of Totter the Brawler, an adept DrSh of Lugonu (Snake:2)
  3 tengu reavers
  2 draconian monks
  6 shadow dragons
  11 nagarajas
  13 fire giants
  A demonspawn warmonger (Pan)
  3 daevas (Pan)
  4 revenants
  9 storm dragons
  Donald (Snake:3)
  12 rockslimes
  4 narguns
  5 quicksilver elementals
  11 azure jellies
  A draconian knight (Zot:4)
  19 vault wardens
  4 iron dragons
  4 draconian scorchers
  3 caustic shrike zombies
  A ghost moth (Zot:4)
  3 imperial myrmidons (Desolation)
  31 balrugs
  3 spectral juggernauts
  9 deep elf sorcerers
  5 frost giants
  3 spectral caustic shrikes
  2 orc warlords
  7 shard shrike simulacra
  4 deep elf elementalists (Elf:3)
  7 angels (Pan)
  3 curse skulls
  4 ghouls
  8 stone giants
  9 formless jellyfish
  12 quicksilver oozes (Slime:5)
  13 ironbound preservers
  14 cacodemons
  5 demonspawn blood saints
  2 demonspawn corrupters
  9 ophanim (Pan)
  12 war gargoyles
  18 very ugly things
  22 reapers
  6 draconian annihilators
  4 bennus (Tomb:3)
  3 green draconians
  28 elemental wellsprings
  4 deep elf demonologists
  4 apis (Pan)
  3 ironbound thunderhulks
  6 black draconians
  7 purple draconians
  19 putrid mouths
  6 red draconians
  8 lorocyprocas (Pan)
  A demonspawn black sun (Pan)
  7 white draconians
  4 dire elephants (Vaults:3)
  13 wendigos
  A minotaur (shapeshifter) (Vaults:5)
  7 deep elf annihilators
  10 deep elf death magi
  Snorg (Orc:2)
  5 green deaths (Pan)
  5 ettins
  6 iron golems
  6 crystal guardians
  14 eidola
  14 yaktaur captains
  Josephine (D:15)
  10 merfolk impalers
  5 blizzard demons
  2 entropy weavers
  24 mummy priests
  12 great orbs of eyes
  3 jiangshi (Crypt:1)
  7 merfolk javelineers
  A spectral fenstrider witch (Tar:2)
  4 deep elf high priests
  A kraken zombie (Hell)
  A spriggan zombie (Crypt:3)
  7 ragged hierophants (Desolation)
  2 spectral spriggans
  3 fire dragons
  12 salamander tyrants
  2 hydras
  36 vault guards
  A rakshasa (Depths:2)
  2 spriggan skeletons (Pan)
  5 servants of whispers (Desolation)
  An alligator (Lair:4)
  14 peacekeepers
  12 caustic shrike simulacra
  5 death knights
  A fenstrider witch skeleton (Crypt:2)
  2 ice dragons (Depths:4)
  5 ironbound frosthearts
  5 juggernaut simulacra
  A spectral stone giant (Tar:1)
  7 catoblepae
  3 merfolk avatars
  6 merfolk aquamancers
  10 anacondas
  3 boulder beetles
  5 stokers
  2 alligator snapping turtles (Shoals:4)
  8 ogre magi
  16 death yaks
  2 deep troll shamans
  A centaur warrior (Shoals:1)
  5 deep troll earth magi
  18 naga warriors
  28 two-headed ogres
  63 death scarabs
  10 tengu warriors
  A two-headed ogre (shapeshifter) (Vaults:5)
  An orc high priest (Orc:1)
  2 satyrs (Shoals:4)
  6 thrashing horrors
  9 naga sharpshooters
  35 dancing weapons
  9 demonic crawlers
  5 occultists
  2 spectral dire elephants (Tar:2)
  8 shock serpents
  A spriggan berserker (Depths:4)
  15 soul eaters
  3 spectral nagas
  17 hell hogs
  Sonja (D:13)
  30 sun demons
  4 crystal echidnas
  5 hell knights (Depths:1)
  A wretched star (WizLab)
  20 deep elf knights
  A titan skeleton (Crypt:2)
  An iron troll (Depths:1)
  14 sixfirhies
  4 salamander mystics
  A storm dragon zombie (Crypt:3)
  An iron giant zombie (Crypt:3)
  19 skeletal warriors
  A skyshark (Shoals:2)
  11 cherubim (Pan)
  6 flayed ghosts
  A spectral anaconda (Tar:3)
  14 sea snakes
  A goliath frog (Lair:4)
  An elf simulacrum (Coc:2)
  22 shadow wraiths
  2 spark wasp zombies (Hell)
  A bunyip zombie (Crypt:3)
  A death drake (shapeshifter) (Vaults:5)
  An anaconda zombie (Tomb:3)
  2 quicksilver dragon simulacra (Coc:7)
  A golden dragon zombie (Hell)
  2 swamp dragons (Lair:4)
  33 deep trolls
  6 glowing orange brains
  7 arcanists
  40 large abominations
  2 shadow demons (Pan)
  2 spriggan simulacra
  A bog body (Crypt:2)
  A fenstrider witch simulacrum (Coc:1)
  2 spectral hydras (Tar:3)
  22 ironbound convokers
  7 lindwurms
  11 harpies
  13 deep elf archers
  6 naga ritualists
  10 orc knights
  28 deep elf zephyrmancers
  A fire giant zombie (Hell)
  A harpy (shapeshifter) (Abyss:5)
  An anaconda skeleton (Hell)
  A spectral iron dragon (Tar:3)
  29 deep elf pyromancers
  5 necromancers
  An alligator zombie (Hell)
  An orc sorcerer (D:12)
  9 phantasmal warriors
  A shadow dragon skeleton (Tomb:2)
  39 ugly things
  18 mana vipers
  9 cyclopes
  2 spectral ettins (Tar:2)
  A draconian zombie (Crypt:3)
  6 shining eyes
  A spectral centaur (Tar:2)
  A frost giant zombie (Hell)
  A goliath frog skeleton (Crypt:1)
  A stone giant zombie (Hell)
  13 salamanders
  18 manticores
  3 stone giant skeletons
  3 fauns (Shoals:2)
  17 guardian serpents
  57 black mambas
  4 centaur zombies
  10 elephants
  18 naga magi
  An ice statue (Shoals:1)
  4 merfolk sirens
  6 molten gargoyles (Hell)
  7 moths of wrath
  7 rust devils
  A torpor snail (Abyss:5)
  5 water nymphs
  A black mamba (shapeshifter) (Vaults:5)
  A dire elephant skeleton (Crypt:2)
  A water nymph (shapeshifter) (Vaults:5)
  An alligator snapping turtle zombie (Crypt:2)
  11 eyes of devastation
  An eye of devastation (shapeshifter) (Vaults:5)
  13 vault sentinels
  A dire elephant zombie (Crypt:3)
  10 cane toads
  15 orange demons
  22 smoke demons
  A gargoyle (D:12)
  3 unseen horrors
  3 rime drakes
  2 bunyip simulacra (Coc:2)
  A sea snake zombie (Hell)
  10 komodo dragons
  32 yaktaurs
  18 hellions
  11 ice devils
  6 efreet (Pan)
  29 tormentors
  7 freezing wraiths
  28 guardian mummies
  An ancient zyme (Abyss:5)
  3 red devils
  4 anaconda simulacra
  3 tengu conjurers
  6 spectral harpies
  2 iron giant simulacra
  3 tyrant leeches
  A golden dragon simulacrum (Coc:4)
  A hydra zombie (Hell)
  10 trolls
  3 meliai (D:15)
  A wind drake (shapeshifter) (Vaults:5)
  A meliai (shapeshifter) (Elf:3)
  A tyrant leech (shapeshifter) (Vaults:4)
  A catoblepas skeleton (Crypt:2)
  8 hellwings
  A tarantella (Vaults:4)
  3 harpy zombies
  6 wind drakes
  2 hydra skeletons
  31 merfolk
  Grinder (D:5)
  2 polar bears (Lair:3)
  12 snapping turtles
  31 blink frogs
  3 harpy skeletons
  A fire dragon zombie (Crypt:2)
  5 hornets
  17 dream sheep
  56 saltlings (Desolation)
  3 glass eyes
  2 iron dragon simulacra (Coc:7)
  3 ettin zombies
  2 centaur simulacra
  20 flying skulls
  2 shadows (D:10)
  2 small abominations (Abyss:5)
  18 water elementals
  55 slime creatures
  2 vampires
  An air elemental (Elf:2)
  A black mamba zombie (Crypt:3)
  11 ushabtiu
  36 yaks
  15 ynoxinuls (Pan)
  8 dire elephant simulacra
  3 hogs (D:12)
  A golden eye (Slime:5)
  3 basilisks
  12 wyverns
  A human (D:12)
  3 wraiths (D:15)
  18 neqoxecs
  A redback (Vaults:4)
  12 vampire mosquitoes
  4 steam dragons
  3 alligator snapping turtle simulacra
  A naga zombie (Crypt:3)
  12 chaos spawn
  2 wargs
  11 water moccasins
  13 harpy simulacra
  47 nagas
  7 swamp worms
  2 acid dragons
  3 hydra simulacra
  A glowing shapeshifter zombie (Hell)
  17 orc warriors
  A deep troll skeleton (Pan)
  A hell hound (Abyss:5)
  3 naga skeletons (Pan)
  A swamp drake (Lair:4)
  A sky beast (D:7)
  11 black bears
  An ice beast (D:7)
  4 ettin simulacra
  A swamp dragon zombie (Crypt:3)
  31 ogres
  12 wolves
  A centaur (D:5)
  3 phantoms
  11 bullfrogs
  8 kobold brigands
  4 earth elementals
  11 necrophages
  A gnoll sergeant (D:7)
  2 scorpions
  A wyvern skeleton (Crypt:3)
  3 wights (D:5)
  6 howler monkeys
  4 crimson imps (Pan)
  A human zombie (Crypt:1)
  10 orc priests
  A gnoll bouda (D:5)
  5 hounds
  2 jellies
  16 starcursed masses
  A sleepcap (D:6)
  2 iguanas (D:5)
  24 orc wizards
  5 hell rats (Hell)
  An ogre skeleton (Crypt:2)
  A hound skeleton (Crypt:1)
  33 mummies
  12 gnolls
  5 adders
  2 worms
  2 dart slugs
  77 orcs
  2 bats (D:3)
  4 endoplasms
  3 giant cockroaches
  8 goblins
  6 hobgoblins
  5 jackals
  3 quokkas
  5 ball pythons
  4 frilled lizards
  A gnoll zombie (Crypt:2)
  28 kobolds
  A rat (D:2)
  6 creeping infernos
  4 fire vortices
  A lurking horror (Abyss:4)
  2 starspawn tentacles (WizLab)
  3 tentacles (Hell)
3288 creatures vanquished.

Vanquished Creatures (others)
  An ancient lich (Coc:5)
  A Hell Sentinel (Dis:7)
  A titan (Pan)
  A fire giant (Geh:4)
  A balrug (Geh:7)
  2 shard shrike simulacra (Coc:7)
  A draconian stormcaller (Zot:4)
  A juggernaut simulacrum (Coc:5)
  A stoker (Geh:2)
  A hell hog (Geh:1)
  A spriggan simulacrum (Coc:7)
  A deep elf zephyrmancer (Elf:2)
  An orange demon (Pan)
  A hellion (Geh:1)
  2 yaktaurs (Vaults:4)
  A golden dragon simulacrum (Coc:7)
  An iron dragon simulacrum (Coc:7)
  2 stone giant simulacra
  A dire elephant simulacrum (Coc:7)
  2 harpy simulacra (Coc:7)
  An orc (Orc:2)
  6 ball lightnings
  5 creeping infernos
  11 starspawn tentacles (WizLab)
  A tentacle (Hell)
48 creatures vanquished.

Grand Total: 3336 creatures vanquished

Notes
Turn   | Place    | Note
-------+----------+-------------------------------------------
     0 | D:1      | catclaw the Felid Shapeshifter began the quest for the Orb.
     0 | D:1      | Reached XP level 1. HP: 9/9 MP: 2/2
   181 | D:1      | Found Xyuch's Antique Weapon Boutique.
   300 | D:1      | Reached XP level 2. HP: 11/12 MP: 3/3
   304 | D:1      | Reached skill level 1 in Stealth
   536 | D:2      | Found a faded altar of an unknown god.
   550 | D:2      | Reached XP level 3. HP: 15/15 MP: 4/4
  1042 | D:3      | Reached skill level 2 in Stealth
  1108 | D:3      | Reached XP level 4. HP: 15/19 MP: 5/5
  1327 | D:4      | Reached skill level 5 in Dodging
  1327 | D:4      | Reached XP level 5. HP: 15/23 MP: 6/6
  1369 | D:4      | Reached skill level 3 in Stealth
  1538 | D:4      | Found a sparkling altar of Nemelex Xobeh.
  1575 | D:4      | Found a staircase to the Ecumenical Temple.
  1584 | Temple   | Entered the Ecumenical Temple
  1596 | Temple   | Became a worshipper of Cheibriados the Contemplative
  1683 | D:4      | Gained mutation: You are covered in thick fur. (AC +2)
                  | [Felid growth]
  1683 | D:4      | Reached XP level 6. HP: 24/27 MP: 7/7
  2070 | D:4      | Reached skill level 4 in Stealth
  2154 | D:5      | Entered Level 5 of the Dungeon
  2193 | D:4      | Reached XP level 7. HP: 29/31 MP: 8/8
  2235 | D:5      | Reached * piety under Cheibriados
  2444 | D:5      | Reached skill level 5 in Stealth
  2479 | D:5      | Reached skill level 5 in Unarmed Combat
  2489 | D:5      | Reached XP level 8. HP: 31/36 MP: 9/9
  2519 | D:5      | Noticed Grinder
  2530 | D:5      | Paralysed by Grinder for 5 turns
  2536 | D:5      | Killed Grinder
  2537 | D:5      | Reached skill level 6 in Stealth
  2539 | D:5      | Found a shadowy altar of Dithmenos.
  2981 | D:6      | Reached ** piety under Cheibriados
  3017 | D:6      | Reached skill level 1 in Evocations
  3174 | D:6      | Killed from afar by a steam dragon
  3297 | D:6      | Found a shimmering altar of Xom.
  3360 | D:6      | Reached skill level 5 in Fighting
  3520 | D:7      | Reached skill level 7 in Stealth
  3671 | D:7      | Reached skill level 10 in Dodging
  3671 | D:7      | Reached XP level 9. HP: 40/40 MP: 10/10
  3825 | D:7      | Identified the +10 spear of Impatience {heavy, rF- Will+++
                  | Int-4}
  3865 | D:8      | Noticed an unseen horror
  3868 | D:8      | HP: 2/40 [unseen horror (7)]
  4100 | D:7      | Reached *** piety under Cheibriados
  4347 | D:8      | Noticed a komodo dragon
  4374 | D:7      | Learned a level 4 spell: Olgreb's Toxic Radiance
  4645 | D:8      | Killed an unseen horror
  4646 | D:8      | Reached skill level 5 in Shapeshifting
  4696 | D:9      | Found Laxeoskiwk's Assorted Antiques.
  4705 | D:9      | Bought 2 scrolls labelled ZIXOFAKIRA for 44 gold pieces
  4711 | D:9      | Found Wongeq Ciat's Antique Armour Boutique.
  4762 | D:9      | Noticed a two-headed ogre
  4779 | D:9      | Acquired 387 gold pieces
  4780 | D:9      | Acquired the amulet "Kaklem" {rPois Regen+ rCorr Str+3
                  | Int-5}
  4836 | D:9      | Found Duel Diu's General Store.
  4852 | D:9      | Noticed a troll
  4872 | D:9      | Bought a scroll of noise for 13 gold pieces
  4908 | D:9      | Noticed a two-headed ogre
  4925 | D:9      | Killed a two-headed ogre
  4926 | D:9      | Reached XP level 10. HP: 45/45 MP: 11/11
  4948 | D:9      | Found a basalt altar of Yredelemnul.
  5032 | D:9      | Found a staircase to the Orcish Mines.
  5044 | D:9      | Found Ihivo's General Store.
  5059 | D:9      | Bought a scroll of blinking for 75 gold pieces
  5059 | D:9      | Bought a scroll of identify for 20 gold pieces
  5083 | D:9      | Found Cuwnuness's General Store.
  5086 | D:9      | Bought a scroll of teleportation for 42 gold pieces
  5115 | D:9      | Found a white marble altar of Elyvilon.
  5142 | D:10     | Entered Level 10 of the Dungeon
  5156 | D:10     | Found a burning altar of Makhleb.
  5276 | D:10     | Found a flagged portal.
  5294 | D:10     | Reached **** piety under Cheibriados
  5396 | D:10     | Found a transporter.
  5428 | D:10     | Found a transporter.
  5462 | Bailey   | Entered a bailey
  5650 | Bailey   | Found a bloodstained altar of Trog.
  5951 | D:9      | Reached ***** piety under Cheibriados
  5979 | D:10     | Reached skill level 1 in Invocations
  6091 | D:11     | Found a staircase to the Lair.
  6170 | D:11     | Noticed a brown ugly thing
  6171 | D:11     | Noticed a cyan ugly thing
  6178 | D:12     | Noticed a manticore
  6184 | D:12     | Killed a manticore
  6185 | D:12     | Reached XP level 11. HP: 47/49 MP: 13/13
  6254 | D:11     | Noticed a boulder beetle
  6279 | D:11     | Slain by a tyrant leech
  6303 | D:10     | Killed a cyan ugly thing
  6404 | D:11     | Found Byguush's Magic Scroll Shop.
  6492 | D:11     | Killed a cyan ugly thing
  6589 | D:11     | Reached skill level 10 in Shapeshifting
  6612 | Lair:1   | Entered Level 1 of the Lair of Beasts
  6754 | Lair:1   | Learned a level 3 spell: Mephitic Cloud
  6994 | Lair:1   | Reached skill level 1 in Air Magic
  7060 | Lair:2   | Noticed a death yak
  7064 | Lair:2   | Noticed a death yak
  7094 | Lair:2   | Reached skill level 1 in Spellcasting
  7196 | Lair:2   | Reached skill level 5 in Evocations
  7290 | Lair:2   | You fall into a shaft and drop 1 floor!
  7325 | Lair:3   | Gained mutation: Your thick and shaggy fur keeps you warm.
                  | (AC +3, rC+) [Felid growth]
  7325 | Lair:3   | Reached XP level 12. HP: 54/54 MP: 12/16
  7391 | Lair:3   | Noticed a catoblepas
  7638 | Lair:3   | Killed a catoblepas
  7698 | Lair:3   | Noticed an eight-headed hydra
  8113 | Lair:4   | Reached skill level 5 in Invocations
  8171 | Lair:4   | Noticed an alligator
  8187 | Lair:4   | Killed an alligator
  8188 | Lair:4   | Reached skill level 1 in Poison Magic
  8262 | Lair:4   | Noticed a four-headed hydra
  8269 | Lair:4   | Noticed a boulder beetle
  8281 | Lair:4   | Killed a boulder beetle
  8398 | Lair:4   | Noticed a death yak
  8398 | Lair:4   | Noticed a seven-headed hydra
  8403 | Lair:4   | Reached skill level 15 in Dodging
  8406 | Lair:4   | Noticed a death yak
  8406 | Lair:4   | Noticed a death yak
  8430 | Lair:5   | Entered Level 5 of the Lair of Beasts
  8480 | Lair:5   | Reached XP level 13. HP: 40/59 MP: 19/19
  8560 | Lair:5   | Found a runed translucent gate.
  8560 | Lair:5   | Found a runed translucent gate.
  8561 | Lair:5   | Noticed a quicksilver ooze
  8567 | Lair:5   | Noticed an azure jelly
  8568 | Lair:5   | Found a runed translucent gate.
  8569 | Lair:5   | Noticed a rockslime
  8569 | Lair:5   | Noticed an azure jelly
  8569 | Lair:5   | Noticed an azure jelly
  8570 | Lair:5   | Noticed an azure jelly
  8570 | Lair:5   | Noticed Moddiph's ghost (journeyman MiBe)
  8570 | Lair:5   | Noticed an acid blob
  8570 | Lair:5   | Noticed an azure jelly
  8571 | Lair:5   | Noticed an acid blob
  8571 | Lair:5   | Noticed an azure jelly
  8571 | Lair:5   | Noticed an acid blob
  8572 | Lair:5   | Noticed an azure jelly
  9338 | Lair:5   | Learned a level 3 spell: Ignite Poison
  9443 | Lair:5   | Reached skill level 1 in Transmutations
  9460 | Lair:5   | Reached skill level 5 in Air Magic
  9479 | Lair:5   | Reached skill level 5 in Spellcasting
  9531 | Lair:4   | Reached XP level 14. HP: 64/64 MP: 4/22
  9863 | Lair:4   | Reached skill level 5 in Poison Magic
  9952 | Lair:4   | Found a viscous altar of Jiyva.
  9952 | Lair:4   | Found a staircase to the Slime Pits.
 10002 | Lair:2   | Reached ****** piety under Cheibriados
 10119 | Lair:2   | Found a staircase to the Snake Pit.
 10244 | D:11     | Bought a scroll of blinking for 105 gold pieces
 10244 | D:11     | Bought a scroll of teleportation for 42 gold pieces
 10244 | D:11     | Bought a scroll of revelation for 105 gold pieces
 10246 | D:11     | Bought a scroll of identify for 28 gold pieces
 10246 | D:11     | Bought a scroll of identify for 28 gold pieces
 10246 | D:11     | Bought a scroll of identify for 28 gold pieces
 10249 | D:11     | Bought a scroll of poison for 56 gold pieces
 10273 | D:11     | Found the +8 Vampire's Tooth {megavamp}
 10406 | Orc:1    | Entered Level 1 of the Orcish Mines
 10629 | Orc:2    | Identified the "Doec"
 10629 | Orc:2    | Entered Level 2 of the Orcish Mines
 10629 | Orc:2    | Noticed Snorg
 10646 | Orc:2    | Killed Snorg
 10814 | Orc:2    | Found a shimmering blue altar of Sif Muna.
 10891 | Orc:2    | Found a staircase to the Elven Halls.
 10900 | Orc:2    | Reached skill level 5 in Transmutations
 10973 | Orc:2    | Found Xorhoyfoan's Jewellery Shop.
 10983 | Orc:2    | Paralysed by an ogre mage for 5 turns
 11055 | Orc:2    | Found Feshrut's Assorted Antiques.
 11056 | Orc:2    | Found Neliwk's General Store.
 11056 | Orc:2    | Found Ethep's Antique Armour Shoppe.
 11071 | Orc:2    | Bought a wand of paralysis (7) for 235 gold pieces
 11071 | Orc:2    | Bought a scroll of identify for 28 gold pieces
 11071 | Orc:2    | Bought a scroll of teleportation for 42 gold pieces
 11071 | Orc:2    | Bought a scroll of teleportation for 42 gold pieces
 11074 | Orc:2    | Bought 2 potions of curing for 204 gold pieces
 11074 | Orc:2    | Bought a scroll of fear for 136 gold pieces
 11173 | Orc:1    | Reached skill level 10 in Unarmed Combat
 11173 | Orc:1    | Reached XP level 15. HP: 69/69 MP: 4/25
 11352 | D:9      | Bought a potion of ambrosia for 176 gold pieces
 11399 | D:9      | Bought a book of Burglary for 200 gold pieces
 11402 | D:9      | Learned a level 2 spell: Passwall
 11615 | Shoals:1 | Entered Level 1 of the Shoals
 11792 | Shoals:1 | Reached skill level 10 in Fighting
 11801 | Shoals:1 | Found a gateway to a bazaar.
 13013 | Shoals:4 | Identified the of Bessialy
 13013 | Shoals:4 | Entered Level 4 of the Shoals
 13337 | Shoals:4 | Reached XP level 16. HP: 70/74 MP: 7/26
 13783 | Shoals:4 | Got a barnacled rune of Zot
 13906 | Snake:1  | Entered Level 1 of the Snake Pit
 14687 | Snake:1  | Found a glowing golden altar of the Shining One.
 14928 | Snake:2  | Reached XP level 17. HP: 79/79 MP: 18/27
 15128 | Snake:2  | Found a runed translucent gate.
 15129 | Snake:2  | Found a runed translucent gate.
 15129 | Snake:2  | Found a runed translucent gate.
 15132 | Snake:2  | Noticed Totter's ghost (adept DrSh)
 15354 | Snake:2  | Reached skill level 10 in Invocations
 15413 | Snake:2  | Killed Totter's ghost
 15495 | Snake:3  | Found Hoes's Antique Weapon Boutique.
 15500 | Snake:3  | Found Qoeh's Armour Shop.
 15562 | Snake:3  | Found Ydighin's Specialty Armours.
 15601 | Snake:3  | Noticed Donald
 15611 | Snake:3  | Killed Donald
 15878 | Snake:3  | Noticed Bai Suzhen
 15900 | Snake:4  | Entered Level 4 of the Snake Pit
 16293 | Snake:4  | Found Gahoedy's Antique Weapon Boutique.
 16353 | Snake:4  | Reached skill level 15 in Shapeshifting
 17018 | Snake:4  | Reached XP level 18. HP: 74/85 MP: 28/28
 17354 | Snake:4  | Got a serpentine rune of Zot
 17400 | Snake:2  | Identified the +1 long sword of a Labyrinth {antimagic,
                  | rF+}
 17478 | Lair:2   | Learned a level 2 spell: Lesser Beckoning
 17623 | D:13     | Reached skill level 1 in Translocations
 17758 | D:12     | Noticed Kirke
 17768 | D:12     | Killed Kirke
 18070 | Desolati | Identified the of Hiusche Giuzy
 18070 | Vaults:5 | Identified the of Kupagrel
 18070 | Vaults:5 | Identified the of Fequpt
 18070 | Crypt:3  | Identified the "Seotz"
 18070 | Depths:3 | Identified the "Dugy"
 18070 | Elf:1    | Entered Level 1 of the Elven Halls
 18104 | Elf:1    | Found a magical portal.
 18118 | WizLab   | Entered Lehudib's Moon Base
 18419 | WizLab   | Found a transporter.
 18460 | WizLab   | Noticed a moon troll
 18475 | WizLab   | Reached skill level 15 in Unarmed Combat
 18481 | WizLab   | Killed a moon troll
 18511 | WizLab   | Found a transporter.
 18516 | WizLab   | Identified the +4 glaive of Earthquakes {flame, *Corrode
                  | Str+3 Dex+3 SInv}
 18517 | WizLab   | Identified the ring "Siny" {Str+6 Int+6}
 18748 | WizLab   | Gained mutation: You are frail. (-10% HP) [a cacodemon]
 18755 | WizLab   | Gained mutation: You sometimes lose your temper in combat.
                  | [a cacodemon]
 18824 | WizLab   | Lost mutation: You sometimes lose your temper in combat.
                  | [potion of mutation]
 18824 | WizLab   | Lost mutation: You are frail. (-10% HP) [potion of
                  | mutation]
 18824 | WizLab   | Gained mutation: You are vulnerable to cold. (rC-) [potion
                  | of mutation]
 18825 | WizLab   | Lost mutation: You are vulnerable to cold. (rC-) [potion of
                  | mutation]
 18825 | WizLab   | Gained mutation: You are agile. (Dex +4, Str/Int -1)
                  | [potion of mutation]
 18825 | WizLab   | Gained mutation: You are somewhat resistant to further
                  | mutation. [potion of mutation]
 18957 | Elf:1    | Reached skill level 5 in Translocations
 19223 | Elf:2    | Reached XP level 19. HP: 90/90 MP: 29/29
 19508 | Elf:2    | Found a runed translucent gate.
 19508 | Elf:2    | Found a runed translucent gate.
 19508 | Elf:2    | Found a runed translucent gate.
 19661 | Elf:2    | Noticed Zenata
 19665 | Elf:2    | Killed Zenata
 19732 | Elf:2    | Found Kidghoy's Jewellery Shoppe.
 19732 | Elf:2    | Found Baogiari's Book Shop.
 19745 | Elf:2    | Found Geinost's Jewellery Shoppe.
 19760 | Elf:2    | Bought Great Wizards, Vol. VII for 510 gold pieces
 19803 | Elf:3    | Entered Level 3 of the Elven Halls
 19949 | Elf:3    | Found Gawain's Dragon-Slaying Spoils.
 20283 | Elf:3    | Identified the ring "Gudghud" {MP+9 Int+6 Stlth+}
 20371 | Elf:3    | Identified the ring of the Messenger {rPois rF+ rC- Int+5}
 20468 | Elf:3    | Noticed a Brimstone Fiend
 20506 | Elf:3    | Reached XP level 20. HP: 95/95 MP: 27/30
 20517 | Elf:3    | Identified the +5 battleaxe "Tormentor" {speed, Int+3}
 20529 | Elf:3    | Identified the +6 shortbow "Ezimaim" {freeze, Int+4}
 20589 | Elf:3    | Identified the +8 falchion of Ehaupem {venom, rCorr SInv}
 20671 | Elf:3    | Identified the +3 hand axe "Tamnegg" {speed, Will+}
 20676 | Elf:3    | Identified the +2 rapier "Cuujoef" {chaos, rElec Str+5}
 20785 | Elf:2    | Bought a ring of willpower for 450 gold pieces
 21022 | D:13     | Noticed Sonja
 21028 | D:13     | Killed Sonja
 21174 | D:14     | Learned a level 4 spell: Passage of Golubria
 21196 | D:14     | Found a gate to the Vaults.
 21208 | Vaults:1 | Entered Level 1 of the Vaults
 21285 | Vaults:2 | Found a staircase to the Crypt.
 21361 | Vaults:2 | Found a crumbling gateway.
 21373 | Desolati | Entered the Desolation of Salt
 21421 | Desolati | Identified the ring "Qejukipu" {Wiz rN+ Str+5}
 21515 | Desolati | Identified the ring of the Sun {rElec rC+ Int+5}
 21580 | Desolati | Identified the ring "Gampuafur" {*Slow rElec rPois Int+2}
 21704 | Desolati | Identified the ring of Inlagauc {+Blink rC+ rN+ Str+6}
 21976 | Vaults:2 | Found Leti's Antique Armour Shoppe.
 22063 | Vaults:3 | Learned a level 5 spell: Yara's Violent Unravelling
 22284 | Vaults:3 | Reached XP level 21. HP: 78/99 MP: 31/31
 22526 | Vaults:5 | Entered Level 5 of the Vaults
 22737 | Vaults:4 | Identified the +4 scale mail of the Charmed God {Will+
                  | SInv}
 22818 | Vaults:4 | Found a portal to a secret trove of treasure.
 23123 | Vaults:4 | Noticed Xtahua
 23134 | Vaults:4 | Killed Xtahua
 23150 | Vaults:4 | Found Tesergh's Book Shop.
 23161 | Vaults:4 | Bought a book of Cantrips for 180 gold pieces
 23161 | Vaults:4 | Bought Maxwell's Memoranda for 600 gold pieces
 23163 | Vaults:4 | Learned a level 1 spell: Apportation
 23168 | Vaults:4 | Learned a level 4 spell: Vhi's Electric Charge
 23212 | Vaults:3 | Reached skill level 1 in Hexes
 23220 | Vaults:3 | Reached skill level 1 in Earth Magic
 23346 | Vaults:5 | HP: 3/97 [stone giant/large rock (35)]
 23346 | Vaults:5 | Killed from afar by a titan
 23409 | Vaults:5 | Identified the ring of Pinop {Contam rF+ rN+ Int+3 SInv}
 23477 | Vaults:5 | Noticed a golden dragon
 23484 | Vaults:5 | Killed a golden dragon
 23523 | Vaults:5 | Identified the ring "Higgisch" {Will+ MP+9}
 23529 | Vaults:5 | Noticed an ancient lich
 23540 | Vaults:5 | Killed an ancient lich
 23541 | Vaults:5 | Reached skill level 5 in Hexes
 23541 | Vaults:5 | Reached skill level 10 in Translocations
 23620 | Vaults:5 | Noticed an ancient lich
 23625 | Vaults:5 | Killed an ancient lich
 23626 | Vaults:5 | Reached XP level 22. HP: 103/103 MP: 32/32
 23717 | Vaults:5 | Learned a level 4 spell: Leda's Liquefaction
 23761 | Vaults:5 | Identified the +7 halberd of Ru, Enchanting {heavy, Fragile
                  | rC+ rN+ SInv}
 23914 | Vaults:5 | Identified the ring "Wyqelisa" {Str+6 SInv}
 23943 | Vaults:5 | Noticed a golden dragon
 24038 | Vaults:5 | Killed a golden dragon
 24284 | Vaults:5 | Identified the +2 trident of the Blessed Realm {elec,
                  | *Corrode rF+ rN+ Int+2}
 24348 | Vaults:5 | Found the +3 crown of Dyrovepreva {rElec Int+2 SInv}
 24360 | Vaults:5 | Got a silver rune of Zot
 24410 | Vaults:5 | Noticed a dread lich
 24414 | Vaults:5 | Killed a dread lich
 24461 | Vaults:4 | an iron dragon changed into a golden dragon
 24461 | Vaults:4 | Noticed a golden dragon (glowing shapeshifter)
 24462 | Vaults:4 | a golden dragon changed into a caustic shrike
 24462 | Vaults:4 | Noticed a caustic shrike (glowing shapeshifter)
 24463 | Vaults:4 | a caustic shrike changed into a shadow dragon
 24675 | Slime:1  | Entered Level 1 of the Pits of Slime
 24866 | Slime:5  | Entered Level 5 of the Pits of Slime
 24905 | Slime:5  | Reached skill level 15 in Fighting
 24996 | Slime:5  | Reached XP level 23. HP: 108/108 MP: 32/35
 25161 | Slime:5  | Found a viscous altar of Jiyva.
 25206 | Slime:5  | Noticed the Royal Jelly
 25222 | Slime:5  | Killed the Royal Jelly
 25284 | Slime:5  | Got a slimy rune of Zot
 25311 | Slime:5  | Found the +8 pair of quick blades "Gyre" and "Gimble"
                  | {protect}
 25575 | D:14     | Found a white marble altar of Elyvilon.
 25603 | D:15     | Entered Level 15 of the Dungeon
 25619 | D:15     | Noticed Josephine
 25628 | D:15     | Killed Josephine
 25757 | D:15     | Found a staircase to the Depths.
 25775 | Depths:1 | Entered Level 1 of the Depths
 25785 | Depths:1 | Reached skill level 10 in Hexes
 25833 | Depths:1 | You are sucked into a shaft and drop 1 floor!
 25862 | Depths:2 | Found a gateway to Hell.
 25966 | Hell     | Entered the Vestibule of Hell
 25966 | Hell     | Noticed Geryon
 25974 | Hell     | Killed Geryon
 26103 | Hell     | Found a gateway to the decaying netherworld of Tartarus.
 26129 | Tomb:2   | Identified the "Huitz"
 26129 | Tar:1    | Entered Level 1 of Tartarus
 26316 | Tar:2    | Reached XP level 24. HP: 115/115 MP: 37/37
 27110 | Tar:7    | Identified the of Jaompyof
 27110 | Tar:7    | Identified the "Omuidgh"
 27110 | Tar:7    | Identified the "Jiry"
 27110 | Tar:7    | Identified the "Tyar"
 27110 | Tar:7    | Entered Level 7 of Tartarus
 27275 | Tar:7    | Reached XP level 25. HP: 123/123 MP: 37/37
 27301 | Tar:7    | Noticed an ancient lich
 27306 | Tar:7    | Killed an ancient lich
 27309 | Tar:7    | Noticed a dread lich
 27320 | Tar:7    | Killed a dread lich
 27487 | Tar:7    | Noticed Ereshkigal
 27516 | Tar:7    | Paralysed by Ereshkigal for 5 turns
 27612 | Tar:7    | Killed Ereshkigal
 27777 | Tar:7    | Got a bone rune of Zot
 27853 | Hell     | Found a gateway to the ashen valley of Gehenna.
 27875 | Geh:1    | Entered Level 1 of Gehenna
 28142 | Geh:4    | HP: 1/88 [fire giant/fireball (10)]
 28144 | Geh:4    | Slain by a searing wretch
 28290 | Geh:7    | Entered Level 7 of Gehenna
 28386 | Geh:7    | Reached XP level 26. HP: 132/132 MP: 37/37
 28672 | Geh:7    | Found the +13 sceptre of Asmodeus
 28672 | Geh:7    | Noticed Asmodeus
 28725 | Geh:7    | Killed Asmodeus
 28732 | Geh:7    | Got an obsidian rune of Zot
 28890 | Hell     | Found a gateway to the Iron City of Dis.
 28911 | Dis:1    | Entered Level 1 of the Iron City of Dis
 29508 | Dis:7    | Entered Level 7 of the Iron City of Dis
 29547 | Dis:7    | Noticed the Serpent of Hell
 29666 | Dis:7    | Reached XP level 27. HP: 122/139 MP: 37/37
 29668 | Dis:7    | Noticed a juggernaut
 29680 | Dis:7    | Killed a juggernaut
 29716 | Dis:7    | Identified the orb of Fimmeadosha {light, rN+++ rCorr Int-2
                  | Slay-2}
 29716 | Dis:7    | Noticed Dispater
 29737 | Dis:7    | Killed Dispater
 29738 | Dis:7    | Found the orb of Dispater {+Damnation *Corrode AC+5}
 29767 | Dis:7    | Got an iron rune of Zot
 29828 | Hell     | Gained mutation: You are dopey. (Int -2) [mutagenic glow]
 29864 | Hell     | Found a gateway to the freezing wastes of Cocytus.
 29901 | Coc:1    | Entered Level 1 of Cocytus
 30149 | Coc:4    | Noticed a dread lich
 30149 | Coc:4    | Noticed an ancient lich
 30149 | Coc:4    | Noticed an ancient lich
 30149 | Coc:4    | Noticed a dread lich
 30149 | Coc:4    | Noticed a dread lich
 30207 | Coc:4    | Killed a dread lich
 30212 | Coc:4    | Killed an ancient lich
 30239 | Coc:4    | Killed an ancient lich
 30250 | Coc:4    | Killed a dread lich
 30257 | Coc:4    | Killed a dread lich
 30310 | Coc:5    | Noticed an ancient lich
 30348 | Coc:5    | Killed an ancient lich
 30402 | Coc:5    | Learned a level 6 spell: Dispersal
 30436 | Coc:7    | Entered Level 7 of Cocytus
 30439 | Coc:7    | Killed from afar by a wendigo
 30700 | Coc:7    | Noticed an ancient lich
 30707 | Coc:7    | Killed an ancient lich
 30787 | Coc:7    | Reached skill level 10 in Spellcasting
 30907 | Coc:7    | Noticed an ancient lich
 30933 | Coc:7    | Killed an ancient lich
 31033 | Coc:7    | Noticed Antaeus
 31167 | Coc:7    | Killed Antaeus
 31193 | Coc:7    | Got an icy rune of Zot
 31267 | Depths:3 | Found a hide-covered altar of Uskayaw.
 31297 | Depths:4 | Entered Level 4 of the Depths
 31426 | Depths:4 | Found a one-way gate to the infinite horrors of the Abyss.
 31518 | Depths:4 | Noticed Grunn
 31527 | Depths:4 | Killed Grunn
 31589 | Depths:4 | Found a gate to the Realm of Zot.
 31646 | Depths:4 | Found an ancient bone altar of Kikubaaqudgha.
 31671 | Depths:4 | Found a one-way gate leading to the halls of Pandemonium.
 31679 | Pan      | Entered Pandemonium
 31819 | Pan      | Identified the +2 chain mail of Unambiguity {Rampage rC+
                  | Dex+2}
 31829 | Pan      | Noticed a seraph
 31843 | Pan      | Killed a seraph
 31844 | Pan      | Reached skill level 15 in Invocations
 31900 | Pan      | Found a glowing golden altar of the Shining One.
 31911 | Pan      | Got a demonic rune of Zot
 32035 | Depths:4 | Escaped Pandemonium
 32037 | Pan      | Entered Pandemonium
 32065 | Pan      | Noticed Beoneusa the pandemonium lord
 32071 | Pan      | Killed Beoneusa the pandemonium lord
 32133 | Pan      | Entered the realm of Gloorx Vloq.
 32463 | Pan      | Noticed Gloorx Vloq
 32484 | Pan      | Killed Gloorx Vloq
 32485 | Pan      | Reached skill level 5 in Earth Magic
 32507 | Pan      | Got a dark rune of Zot
 32604 | Pan      | Entered the realm of Lom Lobon.
 32604 | Pan      | Noticed Ignacio
 32614 | Pan      | Killed Ignacio
 32615 | Pan      | Reached skill level 15 in Translocations
 32863 | Pan      | Noticed Lom Lobon
 32876 | Pan      | Killed Lom Lobon
 32897 | Pan      | Got a magical rune of Zot
 33011 | Pan      | Noticed Osidar the pandemonium lord
 33015 | Pan      | Reached skill level 8 in Stealth
 33025 | Pan      | Killed Osidar the pandemonium lord
 33064 | Pan      | Identified the +6 chain mail of Lihuutat {rN+}
 33072 | Pan      | Noticed Puas the pandemonium lord
 33129 | Pan      | Reached skill level 9 in Stealth
 33217 | Pan      | Found an exit through the horrors of the Abyss.
 33251 | Pan      | Entered the realm of Cerebov.
 33286 | Pan      | Reached skill level 10 in Stealth
 33410 | Pan      | Found the +6 sword of Cerebov {flame}
 33410 | Pan      | Noticed Cerebov
 33449 | Pan      | Reached skill level 11 in Stealth
 33489 | Pan      | Reached skill level 12 in Stealth
 33541 | Pan      | Identified the ring of Divine Compulsion {Int+6 Dex+4}
 33549 | Pan      | Killed Cerebov
 33550 | Pan      | Reached skill level 13 in Stealth
 33561 | Pan      | Learned a level 2 spell: Blink
 33648 | Pan      | Got a fiery rune of Zot
 33858 | Pan      | Reached skill level 14 in Stealth
 33860 | Pan      | Noticed Giorekk the pandemonium lord
 33862 | Pan      | Killed Giorekk the pandemonium lord
 33960 | Pan      | Reached skill level 15 in Stealth
 34034 | Pan      | Identified the "Qacwatt"
 34034 | Pan      | Entered the realm of Mnoleg.
 34076 | Pan      | Found an exit through the horrors of the Abyss.
 34255 | Pan      | Reached skill level 16 in Stealth
 34269 | Pan      | Gained mutation: Your magical capacity is low. (-10% MP) [a
                  | neqoxec]
 34313 | Pan      | Gained mutation: A frigid envelope surrounds you and
                  | freezes all who hurt you. [a neqoxec]
 34373 | Pan      | Noticed Mnoleg
 34384 | Pan      | Killed Mnoleg
 34385 | Pan      | Reached skill level 17 in Stealth
 34408 | Pan      | Got a glowing rune of Zot
 34450 | Pan      | Took an exit into the Abyss.
 34450 | Abyss:1  | Escaped into the Abyss
 34450 | Abyss:1  | Found a corrupted altar of Lugonu.
 34476 | Abyss:2  | Found a corrupted altar of Lugonu.
 34485 | Abyss:3  | Found a corrupted altar of Lugonu.
 34498 | Abyss:4  | Found a corrupted altar of Lugonu.
 34586 | Abyss:4  | Noticed a dread lich
 34589 | Abyss:4  | Killed a dread lich
 34702 | Abyss:4  | Found a corrupted altar of Lugonu.
 34809 | Abyss:5  | Reached skill level 18 in Stealth
 34844 | Abyss:5  | Found a corrupted altar of Lugonu.
 34897 | Abyss:5  | Found a corrupted altar of Lugonu.
 34936 | Abyss:5  | Got an abyssal rune of Zot
 34945 | Depths:4 | Escaped the Abyss
 35095 | Crypt:1  | Entered Level 1 of the Crypt
 35171 | Crypt:1  | Reached skill level 19 in Stealth
 35270 | Crypt:3  | Entered Level 3 of the Crypt
 35275 | Crypt:3  | Found a basalt altar of Yredelemnul.
 35384 | Crypt:3  | Reached skill level 20 in Stealth
 35394 | Crypt:3  | Found a staircase to the Tomb.
 35411 | Tomb:1   | Entered Level 1 of the Tomb of the Ancients
 35519 | Tomb:1   | Identified the of Tipuc (You acquired it on level 1 of the
                  | Tomb of the Ancients)
 35519 | Tomb:1   | Acquired Sif Muna's Omnibus of Rancid Shifting
 35529 | Tomb:1   | Learned a level 4 spell: Manifold Assault
 35583 | Tomb:1   | Noticed a royal mummy
 35595 | Tomb:1   | Killed a royal mummy
 35618 | Tomb:1   | Reached skill level 21 in Stealth
 35712 | Tomb:1   | Identified the +4 broad axe of the Living Dead {venom, rN++
                  | Str+2 Dex+4}
 35775 | Tomb:2   | Noticed a royal mummy
 35778 | Tomb:2   | Killed a royal mummy
 35784 | Tomb:2   | Noticed a royal mummy
 35784 | Tomb:2   | Noticed a royal mummy
 35786 | Tomb:2   | Killed a royal mummy
 35912 | Tomb:3   | Entered Level 3 of the Tomb of the Ancients
 35935 | Tomb:3   | Reached skill level 22 in Stealth
 35995 | Tomb:3   | Noticed a royal mummy
 36002 | Tomb:3   | Killed a royal mummy
 36003 | Tomb:3   | Noticed a royal mummy
 36004 | Tomb:3   | Reached skill level 23 in Stealth
 36004 | Tomb:3   | Noticed a royal mummy
 36012 | Tomb:3   | Killed a royal mummy
 36013 | Tomb:3   | Killed a royal mummy
 36037 | Tomb:3   | Noticed a royal mummy
 36039 | Tomb:3   | Noticed a royal mummy
 36039 | Tomb:3   | Noticed a royal mummy
 36047 | Tomb:2   | Killed a royal mummy
 36102 | Tomb:3   | Killed a royal mummy
 36107 | Tomb:3   | Killed a royal mummy
 36127 | Tomb:3   | Paralysed by a Zot trap for 4 turns
 36135 | Tomb:3   | Reached skill level 24 in Stealth
 36143 | Tomb:3   | Noticed a royal mummy
 36145 | Tomb:3   | Noticed a royal mummy
 36158 | Tomb:3   | Killed a royal mummy
 36161 | Tomb:3   | Killed a royal mummy
 36183 | Tomb:3   | Found the ring of the Octopus King
 36190 | Tomb:3   | Identified a ring of the Octopus King {Wiz HP+2 AC+2 EV+2
                  | SH+2}
 36223 | Tomb:3   | Got a golden rune of Zot
 36361 | Crypt:2  | Noticed Boris
 36362 | Crypt:2  | Killed Boris
 36367 | Crypt:2  | Reached skill level 25 in Stealth
 36459 | Crypt:1  | Found the +8 demon trident "Rift" {distort, reach+}
 36599 | Zot:1    | Entered Level 1 of the Realm of Zot
 36704 | Zot:3    | Reached skill level 26 in Stealth
 36792 | Zot:5    | Entered Level 5 of the Realm of Zot
 36829 | Zot:5    | Reached skill level 27 in Stealth
 36865 | Zot:5    | Noticed an orb of fire
 36865 | Zot:5    | Noticed an ancient lich
 36866 | Zot:5    | Noticed a dread lich
 36871 | Zot:5    | Killed an orb of fire
 36873 | Zot:5    | Killed an ancient lich
 36875 | Zot:5    | Noticed an orb of fire
 36876 | Zot:5    | Noticed an orb of fire
 36882 | Zot:5    | Killed an orb of fire
 36887 | Zot:5    | Noticed an orb of fire
 36888 | Zot:5    | Killed a dread lich
 36890 | Zot:5    | Killed an orb of fire
 36891 | Zot:5    | Noticed an orb of fire
 36894 | Zot:5    | Killed an orb of fire
 36900 | Zot:5    | Killed an orb of fire
 36916 | Zot:5    | Noticed an orb of fire
 36949 | Zot:5    | Killed an orb of fire
 37018 | Zot:5    | Got the Orb of Zot
 37024 | Zot:5    | Noticed an orb of fire
 37024 | Zot:5    | Noticed an orb of fire
 37025 | Zot:5    | Noticed an orb of fire
 37031 | Zot:5    | Killed an orb of fire
 37383 | D:$      | Escaped with the Orb!

Illustrated notes

Levels and vault maps discovered:
D:1:      minmay_arrival_open_corners, layout_rooms, serial_shops, shop
D:2:      layout_loops_ring, dreamdust_ecumenical_altar_statues
D:3:      layout_loops_ring
D:4:      layout_loops_ring, nemelex_diamond_rough_becter,
          minmay_temple_entry_mini_moons
D:5:      layout_basic, lemuel_coloured_pillars_altar, uniq_grinder
D:6:      layout_loops_ring, mainiacjoe_overflow_six_doors_small
D:7:      layout_basic
D:8:      layout_rooms
D:9:      layout_basic, kennysheep_ying_yang, serial_shops,
          nicolae_shop_behind_doors, shop, shop, nicolae_shop_tiny_glass, shop
D:10:     gammafunk_worm_tunnel, layout_loops_ring,
          mainiacjoe_overflow_small_starburst, enter_bailey_5
D:11:     layout_cave_pools, david_lair_generic, serial_shops, shop,
          minmay_guarded_unrand_vampires_tooth
D:12:     hellmonk_paralyzer, layout_gridville, uniq_kirke, uniq_jorgrun
D:13:     layout_roguey, uniq_lodul, uniq_sonja
D:14:     layout_irregular_city, david_vaults_1, elyvilon_altar_5
D:15:     grunt_enter_depths_snipers, layout_cave_pools, uniq_josephine
Temple:   nicolae_temple_superstar
Lair:1:   layout_loops_ring
Lair:2:   layout_regular_city, guppyfry_snake_entry_garden, grunt_megastairs_3,
          uniq_erica
Lair:3:   beast_lair_carwin_large_3, layout_cave_pods,
          nicolae_shoals_entry_flooding, gauntlet_entry_generic
Lair:4:   onia_ninara_swampy_vault, layout_cellular_growth,
          dpeg_slime_entry_enclosed, serial_rivers,
          chequers_serial_rivers_large_a, chequers_serial_rivers_marsh,
          chequers_serial_rivers_large_b, chequers_serial_rivers_micro_d,
          chequers_serial_rivers_micro_d, chequers_serial_rivers_room_a,
          hangedman_lair_generics_rect
Lair:5:   evilmike_catoblepas_cave, layout_gridlike, gammafunk_ghost_ooze,
          portal_ice_cave_demonic_guard
Shoals:1: layout_shoals, serial_shops, statue_bzr
Shoals:2: cheibrodos_shoals_roost, layout_shoals, nicolae_shoals_isolated_beach
Shoals:3: layout_shoals, nicolae_shoals_dead_sea_scrolls
Shoals:4: shoals_end_simple, layout_shoals
Snake:1:  layout_layer_cave, basic_altar, drop_trap, st_stairs_9
Snake:2:  layout_misc_corridors, ebering_ghost_rock_garden,
          serial_bayou_shore_b, grunt_megastairs_5
Snake:3:  layout_basic, nicolae_barding_shop, minmay_shoptagon, uniq_donald,
          uniq_bai_suzhen
Snake:4:  snake_hunt, layout_misc_corridors, special_room, serial_shops, shop,
          drop_trap, st_stairs_10, hangedman_snake_corridor_split
Slime:1:  layout_caves
Slime:2:  layout_caves
Slime:3:  layout_caves, nicolae_slime_rock_hall_of_fame
Slime:4:  layout_caves
Slime:5:  slime_pit_nicolae_inversion
Orc:1:    layout_caves
Orc:2:    st_orc_ogre_mass, layout_caves, led_sif_book, uniq_snorg
Elf:1:    layout_loops_cross, mu_enter_wizlab_6
Elf:2:    nicolae_elf_blades_splatter_lattice
          [nicolae_blade_entry_diamond_columns], layout_geoelf_diagonals,
          minmay_shop_grove, uniq_zenata
Elf:3:    minmay_elf_hall_statues, layout_loops_cross,
          nicolae_shop_dragon_depot, minmay_misc_feat_pillars
Vaults:1: nicolae_vaults_alarming, vaults_standard_mumra_enter_the_diamond,
          grunt_vaults_diagonal, vaults_dpeg_spiral, vaults_standard_mumra_x,
          v_misc_3, nicolae_vaults_diamond_1,
          nicolae_vaults_trapezoid_lopsided_4, layout_vaults_omnigrid,
          serial_shops, nicolae_diamond_shop
Vaults:2: portal_desolation_entry_twin_temple, nicolae_vaults_ellipses_ellipsis,
          nicolae_vaults_doubleplus_tesselated, v_misc_13, vaults_mumra_chevron,
          nicolae_vaults_mini_display_case, v_misc_4,
          nicolae_vaults_corridor_and_loot_room, vaults_room_stairs_pillars,
          nicolae_vaults_cochlea, nicolae_vaults_tetromino_Z_1,
          ontoclasm_vaults_twist, layout_vaults_maze_bifur,
          blue_anna_dwarven_crypt, serial_shops, nicolae_shop_scrapyard
Vaults:3: v_misc_17, ontoclasm_vaults_bender, ontoclasm_vaults_eye,
          nicolae_vaults_surprise_closet, ontoclasm_vaults_shuriken,
          nicolae_vaults_sightless_eye, nicolae_vaults_house_1,
          lightli_church_of_beogh, nicolae_vaults_little_squares_3,
          ontoclasm_vaults_tryst, hangedman_vaults_nails,
          layout_vaults_omnicross
Vaults:4: v_misc_18, nicolae_vaults_ninety_degrees,
          nicolae_vaults_door_testing_chamber, nicolae_vaults_specimen_jars,
          nicolae_vaults_trapezoid_4, nicolae_vaults_triangles,
          nicolae_vaults_ring_of_whatevers, nicolae_vaults_angled_halls,
          v_rooms_4, hangedman_vaults_stream, v_misc_8,
          nicolae_vaults_trapezoid_3, layout_vaults_omnibox, serial_shops, shop,
          enter_trove_1, uniq_xtahua
Vaults:5
Crypt:1:  gammafunk_sealed_library, layout_catacombs, st_stairs_7
Crypt:2:  gammafunk_crypt_yreds_forest, layout_basic, uniq_boris
Crypt:3:  evilmike_haunted_forest
Tomb:1
Tomb:2
Tomb:3
Depths:1: layout_cave_shapes, enter_ziggurat_f, serial_shops, shop,
          yredelemnul_altar_generic, muffindrake_ghost_dual_entry, hell_entry,
          hellmonk_scarab_ruin, serial_bayou_shore_b, serial_bayou_shore_a
Depths:2: minmay_firetagon, layout_gridlike, abyss_entry,
          nicolae_ru_awakened_eye, hell_entry, rand_demon_pan_entry_3
Depths:3: minmay_fractal_lines_corner, layout_basic,
          abyss_entry_small_statue_room, pf_coc_iceberg,
          nicolae_uskayaw_en_pointe, tgw_xom
Depths:4: grunt_zot_entry_alcove, layout_cave_shapes, abyss_entry_crystal,
          grunt_pan_entry_spiral, nicolae_kikubaaqudgha_miasma_corner,
          grunt_hell_entry_dis_grunt, hangedman_aviary, serial_bayou_shore_b,
          uniq_grunn
Hell
Dis:1:    layout_gridville, glass_columns_a
Dis:2:    layout_regular_city
Dis:3:    layout_subdivisions, nicolae_dis_having_a_grate_time
Dis:4:    layout_overlapping_boxes
Dis:5:    layout_regular_city
Dis:6:    layout_gridville, nicolae_dis_big_boring_drill
Dis:7:    dis_hangedman
Geh:1:    layout_gehenna_pools_triple, lemuel_flamethrower_2
Geh:2:    layout_gehenna_pools_box
Geh:3:    layout_gehenna_pools_triple
Geh:4:    hangedman_generic_boss_arena
Geh:5:    layout_gehenna_lava_caves
Geh:6:    layout_gehenna_lava_caves
Geh:7:    geh_old
Coc:1:    layout_cocytus_water_paths
Coc:2:    layout_cocytus_water_paths
Coc:3:    layout_cocytus_delve
Coc:4:    layout_cocytus_delve, nicolae_coc_liches_on_tour
Coc:5:    layout_cocytus_water_paths
Coc:6:    layout_cocytus_water_paths
Coc:7:    coc_dpeg
Tar:1:    layout_honeycomb
Tar:2:    nicolae_tar_checkpoint_tarlie, layout_cathedral_of_symmetry,
          grunt_tartarus_stairs_gauntlet_trap
Tar:3:    layout_catacombs
Tar:4:    layout_cathedral_of_symmetry
Tar:5:    nicolae_tar_entranced, layout_cathedral_of_symmetry
Tar:6:    layout_honeycomb
Tar:7:    tar_grunt_cathedral
Zot:1:    layout_cellular_growth
Zot:2:    layout_cellular_growth, uniq_tiamat
Zot:3:    layout_concentric_octagons, regret_index_zotdec_barnacled_simple,
          hellmonk_greenhouse_of_terror
Zot:4:    layout_onion, ebering_ghost_inner_flame
Zot:5:    layout_misc_corridors, hangedman_zot_diagonal_lockstep, st_stairs_7

Skill      XL: |  1  2  3  4  5  6  7  8  9 10 11 12 13 14 15 16 17 18 19 20 21 22 23 24 25 26 27 |
---------------+----------------------------------------------------------------------------------+-----
Dodging        | 3 4 5 6 8 10 11 12 13 15 16 17 18 19 20 21 23 24 25 26 | 26.5
Stealth        | 1 2 3 4 5 7 27 | 27.0
Fighting       | 2 3 4 5 6 7 8 9 10 11 12 13 14 15 16 18 20 22 26 | 26.0
Unarmed Combat | 4 5 6 7 8 9 10 11 12 14 15 16 17 19 21 23 25 26 | 26.6
Evocations     | 2 3 5 |  5.0
Shapeshifting  | 7 9 10 11 12 14 15 16 17 20 23 | 23.0
Invocations    | 2 4 5 6 7 8 9 10 11 12 23 | 23.2
Air Magic      | 1 3 5 |  5.0
Spellcasting   | 1 3 5 6 7 9 12 | 12.0
Poison Magic   | 2 4 7 |  7.0
Transmutations | 2 6 |  6.0
Translocations | 5 8 10 12 15 | 15.5
Hexes          | 5 8 10 | 10.0
Earth Magic    | 3 4 6 |  6.0

Action                     |  1- 3 |  4- 6 |  7- 9 | 10-12 | 13-15 | 16-18 | 19-21 | 22-24 | 25-27 || total
---------------------------+-------+-------+-------+-------+-------+-------+-------+-------+-------++-------
  Melee: Unarmed           |    69 |   104 |   304 |   529 |   580 |  1038 |  1005 |  1009 |  2675 ||  7313
         Bite              |     7 |    16 |    37 |    73 |    86 |   145 |    84 |    86 |   194 ||   728
         Punch             |     1 |       |    17 |    32 |    49 |   131 |   135 |   165 |   587 ||  1117
   Cast: Mephitic Cloud    |       |       |       |       |    27 |    20 |       |       |       ||    47
         Olgreb's Toxic Ra |       |       |       |       |    77 |    16 |       |       |       ||    93
         Ignite Poison     |       |       |       |       |    57 |    14 |       |       |       ||    71
         Passwall          |       |       |       |       |     3 |    35 |    18 |    11 |    18 ||    85
         Lesser Beckoning  |       |       |       |       |       |     7 |    42 |    68 |   211 ||   328
         Passage of Golubr |       |       |       |       |       |       |     1 |    43 |   192 ||   236
         Apportation       |       |       |       |       |       |       |     7 |    57 |    88 ||   152
         Leda's Liquefacti |       |       |       |       |       |       |       |    10 |    15 ||    25
         Vhi's Electric Ch |       |       |       |       |       |       |       |     1 |    26 ||    27
         Manifold Assault  |       |       |       |       |       |       |       |       |    26 ||    26
         Dispersal         |       |       |       |       |       |       |       |       |     4 ||     4
         Yara's Violent Un |       |       |       |       |       |       |       |       |     2 ||     2
 Invoke: Bend Time         |       |       |     4 |    15 |     3 |    14 |     8 |     4 |    13 ||    61
         Temporal Distorti |       |       |       |     7 |     2 |     8 |     2 |     7 |    16 ||    42
         Slouch            |       |       |       |     3 |     6 |    10 |     9 |     3 |    34 ||    65
         Step From Time    |       |       |       |       |     1 |     9 |     1 |     1 |     6 ||    18
Ability: Blinkbolt         |       |       |       |       |       |       |    11 |    12 |    12 ||    35
  Evoke: Wand              |       |     7 |     8 |     2 |    10 |    20 |     2 |    25 |    42 ||   116
    Use: Scroll            |       |       |    14 |    10 |    13 |    12 |     6 |     1 |    49 ||   105
         Potion            |       |       |     3 |     4 |     2 |     6 |     1 |     1 |    63 ||    80
   Stab: Sleeping          |     5 |     4 |    14 |    14 |    11 |    21 |    26 |    11 |    23 ||   129
         Distracted        |       |       |     1 |     2 |     2 |     8 |     4 |     4 |    13 ||    34
         Confused          |       |       |       |       |    21 |    14 |       |       |       ||    35
         Paralysed         |       |       |       |       |       |     6 |     1 |     9 |     5 ||    21
         Invisible         |       |       |       |       |       |       |       |       |    32 ||    32
 Armour: Skin              |    12 |    21 |    99 |   120 |   109 |   209 |   224 |   241 |   772 ||  1807
  Dodge: Dodged            |    45 |    73 |   313 |   784 |   751 |  1735 |  1898 |  2183 |  5797 || 13579
   Form: Blade             |       |       |       |     2 |       |     1 |       |       |       ||     3
                           |       |       |       |     1 |       |       |       |       |       ||     1
         Statue            |       |       |       |       |       |     2 |       |     1 |     5 ||     8
         Storm             |       |       |       |       |       |       |     1 |       |     6 ||     7

Table legend: (Time is in decaauts)
 A = Elapsed time spent in this place.
 B = Non-inter-level travel time spent in this place.
 C = Inter-level travel time spent in this place.
 D = Time resting spent in this place.
 E = Time spent auto-exploring this place.
 F = Levels seen in this place.
 G = Mean time per level.
                   A        B        C        D        E       F      G
               +--------+--------+--------+--------+--------+-----+--------+
         Total |  60981 |  43448 |  17533 |     47 |    465 | 112 |  544.5 |
       Dungeon |  10897 |   6381 |   4516 |     12 |    365 |  15 |  726.5 |
        Temple |     23 |      3 |     20 |      0 |      0 |   1 |   23.0 |
          Lair |   6057 |   3125 |   2932 |      0 |     82 |   5 | 1211.4 |
        Shoals |   3716 |   2104 |   1612 |      0 |      0 |   4 |  929.0 |
     Snake Pit |   5026 |   2985 |   2041 |      0 |      0 |   4 | 1256.5 |
    Slime Pits |   1100 |    884 |    216 |      0 |      0 |   5 |  220.0 |
  Orcish Mines |   1723 |    666 |   1057 |      0 |      0 |   2 |  861.5 |
   Elven Halls |   4940 |   3263 |   1677 |      0 |      0 |   3 | 1646.7 |
        Vaults |   4963 |   3395 |   1568 |      0 |     17 |   5 |  992.6 |
         Crypt |    709 |    709 |      0 |      0 |      0 |   3 |  236.3 |
          Tomb |   1874 |   1778 |     96 |      0 |      0 |   3 |  624.7 |
        Depths |   1175 |   1018 |    157 |      0 |      0 |   4 |  293.8 |
          Hell |    641 |    590 |     51 |      0 |      0 |   1 |  641.0 |
           Dis |   1226 |    955 |    271 |      0 |      0 |   7 |  175.1 |
       Gehenna |   1937 |   1743 |    194 |      0 |      0 |   7 |  276.7 |
       Cocytus |   1822 |   1595 |    227 |      0 |      0 |   7 |  260.3 |
      Tartarus |   3397 |   2505 |    892 |      0 |      0 |   7 |  485.3 |
           Zot |    718 |    718 |      0 |      0 |      0 |   5 |  143.6 |
         Abyss |    838 |    838 |      0 |      0 |      0 |   5 |  167.6 |
   Pandemonium |   5338 |   5338 |      0 |      0 |      0 |  16 |  333.6 |
        Bailey |    286 |    286 |      0 |      0 |      0 |   1 |  286.0 |
        Wizlab |   1649 |   1649 |      0 |     35 |      0 |   1 | 1649.0 |
    Desolation |    918 |    918 |      0 |      0 |      0 |   1 |  918.0 |
               +--------+--------+--------+--------+--------+-----+--------+

Top non-repeatable levels by time:
   Elf:3: 2254 daAuts
Vaults:5: 1709 daAuts
 Snake:4: 1675 daAuts
  WizLab: 1649 daAuts
Vaults:4: 1617 daAuts
  Lair:5: 1578 daAuts
   Elf:2: 1548 daAuts
  Lair:4: 1412 daAuts
 Snake:1: 1388 daAuts
   Tar:7: 1334 daAuts
  Lair:3: 1331 daAuts
Shoals:4: 1276 daAuts
    D:10: 1267 daAuts
   Geh:7: 1197 daAuts
   Coc:7: 1150 daAuts
